Falcons vs Griffins

Created - Monday, October 27, 2014 at 01:18

Goals
1 2 3 T
Falcons 1 0 0 1
Griffins 2 1 0 3
Shots
1 2 3 T
Falcons 10 2 12 24
Griffins 12 13 7 32

1st period

1. Falcons , Kevin Connauton 8 (Quinton Howden, Austin Watson) at 9:05
2. Griffins , John McFarland 2 (Paul Postma, Alexander Sulzer) at 12:31
3. Griffins , Paul Postma 3 (Mike Angelidis, John McFarland) at 15:10 (PP)

Penalties :
Kellan Lain (GRG) for Fighting (Major) at 2:11, Cal O'Reilly (SPR) for Fighting (Major) at 2:11, Kellan Lain (GRG) for instigated a fight (Minor) at 2:11, Kellan Lain (GRG) for instigated a fight (10 Minutes Misconduct) at 2:11, Ben Eager (GRG) for Fighting (Major) at 12:09, Cal O'Reilly (SPR) for Fighting (Major) at 12:09, Mitchell Heard (GRG) for Fighting (Major) at 13:20, Chris Thorburn (SPR) for Fighting (Major) at 13:20, Quinton Howden (SPR) for Charging (Minor) at 13:57

2nd period

4. Griffins , Paul Postma 4 (Zenon Konopka) at 2:31

Penalties :
Adam Pardy (SPR) for Tripping (Minor) at 8:00

3rd period

No Goal

Penalties :
Chris Thorburn (SPR) for Slashing (Minor) at 2:59, Kellan Lain (GRG) for Tripping (Minor) at 8:57, Jordan Owens (GRG) for High sticking (Minor) at 9:52

Goalie Stats

Troy Grosenick (SPR), 29 saves from 32 shots - (0.906), L, 3-5-0, 60:00 minutes
Jeff Deslauriers (GRG), 23 saves from 24 shots - (0.958), W, 3-0-0, 60:00 minutes

Players Stats for Falcons

Player Name              G  A  P  +/- PIM S  H  SB GA TA FO     MP     PP MP  PK MP  
------------------------------------------------------------------------------------
Adam Pardy               0  0  0   0  2   1  0  1  0  2  0/0    23:26   2:51   2:34 
Austin Watson            0  1  1   1  0   0  2  0  4  0  11/13  19:31   2:32   0:51 
Brian Connelly           0  0  0  -1  0   0  1  2  1  2  0/0    22:40   2:02   2:04 
Brian Dumoulin           0  0  0   0  0   1  0  1  0  0  0/0    16:39   0:00   3:07 
Cal O'Reilly             0  0  0   0  10  0  3  0  0  0  1/3     8:06   0:00   0:00 
Chris Thorburn           0  0  0   0  7   0  2  0  2  2  1/1    15:14   2:21   0:31 
Drew Shore               0  0  0   0  0   0  1  1  0  0  8/17   22:03   1:49   3:55 
Jeff Hoggan              0  0  0  -2  0   5  1  0  0  2  0/0    15:46   0:00   0:45 
Jeff Taffe               0  0  0   0  0   3  2  0  1  0  0/0    18:02   2:21   4:20 
Jordan Weal              0  0  0  -2  0   0  1  1  2  1  5/8    16:16   0:32   0:00 
Kevin Connauton          1  0  1  -1  0   3  1  0  0  0  0/0    25:15   2:02   2:04 
Matt Ellis               0  0  0  -2  0   1  1  0  4  0  0/0    14:16   0:00   0:00 
Mattias Tedenby          0  0  0   0  0   0  0  0  0  0  0/0     0:00   0:00   0:00 
Mitch Callahan           0  0  0   1  0   0  0  0  0  0  0/1    18:17   2:32   0:00 
Philip Varone            0  0  0   0  0   0  0  0  1  0  0/0     8:35   0:00   0:00 
Quinton Howden           0  1  1   1  2   3  2  0  4  0  0/1    18:16   2:32   0:00 
Radek Martinek           0  0  0   0  0   3  1  2  2  0  0/0    13:20   0:00   0:00 
Tyson Strachan           0  0  0   0  0   4  3  2  0  1  0/0    19:01   2:51   0:33 

Players Stats for Griffins

Player Name              G  A  P  +/- PIM S  H  SB GA TA FO     MP     PP MP  PK MP  
------------------------------------------------------------------------------------
Adam Clendening          0  0  0  -1  0   2  0  1  0  3  0/0    22:47   2:42   2:42 
Alexander Sulzer         0  1  1   1  0   7  0  2  2  2  0/0    26:26   2:29   2:11 
Ben Eager                0  0  0   0  5   0  2  2  1  1  1/1    16:15   1:53   2:34 
Brad Hunt                0  0  0   1  0   2  0  0  0  2  0/0    28:47   2:29   2:11 
Daniel New               0  0  0   0  0   0  0  0  0  0  0/0     0:00   0:00   0:00 
David Musil              0  0  0   1  0   2  2  0  0  1  0/0    14:05   0:00   0:00 
Derek Meech              0  0  0   0  0   0  0  0  0  0  0/0     2:05   0:00   0:00 
John Albert              0  0  0   0  0   3  2  0  2  1  4/22   23:22   2:41   2:36 
John McFarland           1  1  2   1  0   3  2  1  3  0  0/0    18:58   2:30   0:43 
Jordan Owens             0  0  0   1  2   0  0  0  0  0  0/0     9:25   0:00   0:05 
Kellan Lain              0  0  0   0  19  0  1  1  1  1  3/4    12:20   0:00   0:26 
Mark Mancari             0  0  0   0  0   0  2  0  2  0  1/1    13:59   2:41   0:43 
Matt Marquardt           0  0  0   1  0   2  0  0  0  0  5/8    18:42   2:30   0:00 
Mike Angelidis           0  1  1   1  0   5  1  1  1  0  0/1    18:15   2:30   0:00 
Mitchell Heard           0  0  0  -1  5   0  1  0  1  1  0/2    15:33   0:00   1:28 
Paul Postma              2  1  3   0  0   5  2  2  3  3  0/0    25:50   2:42   2:42 
Paul Thompson            0  0  0  -1  0   0  1  0  2  0  0/0    17:07   0:48   0:00 
Zenon Konopka            0  1  1   1  0   1  1  0  1  0  4/5    10:02   0:00   0:06 

3 Stars

1 - Paul Postma (GRG)
2 - John McFarland (GRG)
3 - Jeff Deslauriers (GRG)

Power Play

Falcons - 0 on 3 Attempt(s) - 0.00%
Griffins - 1 on 3 Attempt(s) - 33.33%

Penalty Kill

Falcons - 2 on 3 Attempt(s) - 66.67% - Score 0 goal in Penalty Kill
Griffins - 3 on 3 Attempt(s) - 100.00% - Score 0 goal in Penalty Kill

Official

Referees : Unknown
Linesman : Unknown

Game Notes

Kellan Lain beats up Cal O'Reilly at 2:11 of 1st period
Cal O'Reilly beats up Ben Eager at 12:09 of 1st period
Chris Thorburn beats up Mitchell Heard at 13:20 of 1st period

Finance

Level 1 -- Attendance: 1463 (73.15%) -- Ticket Income $51,205
Level 2 -- Attendance: 784 (78.40%) -- Ticket Income $11,760
Total Attendance: 2247 (74.90%)
Total Ticket Income: $62,965
Other Income: $30,853
Total Income: $93,818

Falcons

5 vs 5 Forward 
   Center                   Left Wing                Right Wing               Time % Phy DF OF 
 1 Drew Shore               Jeff Taffe               Chris Thorburn           35     1   2  2  
 2 Austin Watson            Quinton Howden           Mitch Callahan           30     1   2  2  
 3 Jordan Weal              Jeff Hoggan              Matt Ellis               22     1   2  2  
 4 Cal O'Reilly             Philip Varone            Drew Shore               13     1   2  2  

5 vs 5 Defense 
   Defense                  Defense                                           Time % Phy DF OF 
 1 Tyson Strachan           Adam Pardy                                        35     1   2  2  
 2 Kevin Connauton          Brian Connelly                                    30     1   2  2  
 3 Radek Martinek           Brian Dumoulin                                    22     1   2  2  
 4 Adam Pardy               Kevin Connauton                                   13     1   2  2  

PowerPlay Forward 
   Center                   Left Wing                Right Wing               Time % Phy DF OF 
 1 Drew Shore               Jeff Taffe               Chris Thorburn           60     1   2  2  
 2 Austin Watson            Quinton Howden           Mitch Callahan           40     1   2  2  

PowerPlay Defense
   Defense                  Defense                                           Time % Phy DF OF 
 1 Tyson Strachan           Adam Pardy                                        60     1   2  2  
 2 Kevin Connauton          Brian Connelly                                    40     1   2  2  

Penalty Kill 4 Players Forward 
   Center                   Wing                     Time % Phy DF OF 
 1 Drew Shore               Jeff Taffe               60     1   2  2  
 2 Chris Thorburn           Austin Watson            40     1   2  2  

Penalty Kill 4 Players Defense
   Defense                  Defense                  Time % Phy DF OF 
 1 Brian Dumoulin           Adam Pardy               60     1   2  2  
 2 Kevin Connauton          Brian Connelly           40     1   2  2  

Penalty Kill - 3 Players Forward 
   Forward                                           Time % Phy DF OF 
 1 Drew Shore                                        60     1   2  2  
 2 Jeff Taffe                                        40     1   2  2  

Penalty Kill - 3 Players Defense
   Defense                  Defense                  Time % Phy DF OF 
 1 Tyson Strachan           Adam Pardy               60     1   2  2  
 2 Kevin Connauton          Brian Connelly           40     1   2  2  

4 vs 4 Forward 
   Center                   Wing                     Time % Phy DF OF 
 1 Drew Shore               Jeff Taffe               60     1   2  2  
 2 Chris Thorburn           Austin Watson            40     1   2  2  

4 vs 4 Defense
   Defense                  Defense                  Time % Phy DF OF 
 1 Radek Martinek           Adam Pardy               60     1   2  2  
 2 Kevin Connauton          Brian Connelly           40     1   2  2  

Last Minutes Offensive
   Center                   Left Wing                Right Wing               Defense                  Defense                  
   Drew Shore               Jeff Taffe               Chris Thorburn           Tyson Strachan           Adam Pardy               

Last Minutes Defensive
   Center                   Left Wing                Right Wing               Defense                  Defense                  
   Drew Shore               Jeff Taffe               Chris Thorburn           Tyson Strachan           Adam Pardy               

Goaltenders
Starting : Troy Grosenick           
Backup : Matt Climie              

Extra Forwards
Normal : Jordan Weal, Cal O'Reilly, Jeff Hoggan - PP : Jordan Weal, Cal O'Reilly - PK : Jeff Hoggan
Extra Defensemen
Normal : Radek Martinek, Brian Dumoulin, Adam Pardy - PP : Radek Martinek - PK : Brian Dumoulin, Adam Pardy
Penalty Shots
Drew Shore, Jeff Taffe, Chris Thorburn, Austin Watson, Jordan Weal

Griffins

5 vs 5 Forward 
   Center                   Left Wing                Right Wing               Time % Phy DF OF 
 1 John Albert              Ben Eager                Mark Mancari             35     1   2  2  
 2 Matt Marquardt           Mike Angelidis           John McFarland           30     1   2  2  
 3 Kellan Lain              Mitchell Heard           Paul Thompson            22     1   2  2  
 4 Zenon Konopka            Jordan Owens             John Albert              13     1   2  2  

5 vs 5 Defense 
   Defense                  Defense                                           Time % Phy DF OF 
 1 Brad Hunt                Alexander Sulzer                                  35     1   2  2  
 2 Adam Clendening          Paul Postma                                       30     1   2  2  
 3 Brad Hunt                David Musil                                       22     1   2  2  
 4 Paul Postma              Alexander Sulzer                                  13     1   2  2  

PowerPlay Forward 
   Center                   Left Wing                Right Wing               Time % Phy DF OF 
 1 John Albert              Ben Eager                Mark Mancari             60     1   2  2  
 2 Matt Marquardt           Mike Angelidis           John McFarland           40     1   2  2  

PowerPlay Defense
   Defense                  Defense                                           Time % Phy DF OF 
 1 Brad Hunt                Alexander Sulzer                                  60     1   2  2  
 2 Adam Clendening          Paul Postma                                       40     1   2  2  

Penalty Kill 4 Players Forward 
   Center                   Wing                     Time % Phy DF OF 
 1 John Albert              Ben Eager                60     1   2  2  
 2 Mark Mancari             John McFarland           40     1   2  2  

Penalty Kill 4 Players Defense
   Defense                  Defense                  Time % Phy DF OF 
 1 Brad Hunt                Alexander Sulzer         60     1   2  2  
 2 Adam Clendening          Paul Postma              40     1   2  2  

Penalty Kill - 3 Players Forward 
   Forward                                           Time % Phy DF OF 
 1 John Albert                                       60     1   2  2  
 2 Ben Eager                                         40     1   2  2  

Penalty Kill - 3 Players Defense
   Defense                  Defense                  Time % Phy DF OF 
 1 Brad Hunt                Alexander Sulzer         60     1   2  2  
 2 Adam Clendening          Paul Postma              40     1   2  2  

4 vs 4 Forward 
   Center                   Wing                     Time % Phy DF OF 
 1 John Albert              Ben Eager                60     1   2  2  
 2 Mark Mancari             John McFarland           40     1   2  2  

4 vs 4 Defense
   Defense                  Defense                  Time % Phy DF OF 
 1 David Musil              Alexander Sulzer         60     1   2  2  
 2 Adam Clendening          Paul Postma              40     1   2  2  

Last Minutes Offensive
   Center                   Left Wing                Right Wing               Defense                  Defense                  
   John Albert              Ben Eager                Mark Mancari             Adam Clendening          Alexander Sulzer         

Last Minutes Defensive
   Center                   Left Wing                Right Wing               Defense                  Defense                  
   John Albert              Ben Eager                Mark Mancari             Adam Clendening          Alexander Sulzer         

Goaltenders
Starting : Jeff Deslauriers         
Backup : Joe Cannata              

Extra Forwards
Normal : Paul Thompson, Kellan Lain, Mitchell Heard - PP : Paul Thompson, Kellan Lain - PK : Mitchell Heard
Extra Defensemen
Normal : Brad Hunt, David Musil, Adam Clendening - PP : Brad Hunt - PK : David Musil, Adam Clendening
Penalty Shots
John Albert, Ben Eager, Mark Mancari, John McFarland, Mike Angelidis

% Time on Ice - Falcons

Lines # - Real PCT - Wanted PCT - Time Play
Normal Forward
1 - 22% - 35% - 10:57
2 - 32% - 30% - 16:08
3 - 29% - 22% - 14:16
4 - 17% - 13% - 8:35
Normal Defense
1 - 32% - 35% - 16:00
2 - 37% - 30% - 18:34
3 - 26% - 22% - 12:47
4 - 5% - 13% - 2:35
PP Forward
1 - 48% - 60% - 2:21
2 - 52% - 40% - 2:32
PP Defense
1 - 58% - 60% - 2:51
2 - 42% - 40% - 2:02
PK Forward
1 - 84% - 60% - 4:20
2 - 16% - 40% - 0:51
PK Defense
1 - 60% - 60% - 3:07
2 - 40% - 40% - 2:04
PK3 Forward
1 - 0% - 60%
2 - 0% - 40%
PK3 Defense
1 - 0% - 60%
2 - 0% - 40%
44 Forward
1 - 0% - 60%
2 - 0% - 40%
44 Defense
1 - 0% - 60%
2 - 0% - 40%
Last Minute Offensive  - 0:00
Last Minute Defensive  - 0:00
Total
Forward - 60:00
Defense - 60:00

% Time on Ice - Griffins

Lines # - Real PCT - Wanted PCT - Time Play
Normal Forward
1 - 22% - 35% - 10:49
2 - 32% - 30% - 15:45
3 - 30% - 22% - 14:52
4 - 17% - 13% - 8:30
Normal Defense
1 - 31% - 35% - 15:30
2 - 33% - 30% - 16:16
3 - 26% - 22% - 13:00
4 - 10% - 13% - 5:10
PP Forward
1 - 52% - 60% - 2:41
2 - 48% - 40% - 2:30
PP Defense
1 - 48% - 60% - 2:29
2 - 52% - 40% - 2:42
PK Forward
1 - 81% - 60% - 3:06
2 - 19% - 40% - 0:43
PK Defense
1 - 42% - 60% - 1:36
2 - 58% - 40% - 2:13
PK3 Forward
1 - 100% - 60% - 1:04
2 - 0% - 40% - 0:00
PK3 Defense
1 - 55% - 60% - 0:35
2 - 45% - 40% - 0:29
44 Forward
1 - 0% - 60%
2 - 0% - 40%
44 Defense
1 - 0% - 60%
2 - 0% - 40%
Last Minute Offensive  - 0:00
Last Minute Defensive  - 0:00
Total
Forward - 60:00
Defense - 60:00

Play by Play

1st period


0:01 of 1st period - Drew Shore wins face-off versus John Albert in neutral zone.
1:10 of 1st period - Snap shot by Quinton Howden.
1:10 of 1st period - Shot Misses the Net.
1:12 of 1st period - Snap shot by Quinton Howden.
1:12 of 1st period - Stopped by Jeff Deslauriers with a rebound.
1:14 of 1st period - Slapshot by Brian Connelly.
1:14 of 1st period - Shot Hit the Post.
1:18 of 1st period - Wrist shot by Quinton Howden.
1:18 of 1st period - Stopped by Jeff Deslauriers without a rebound.
1:19 of 1st period - Jordan Weal wins face-off versus Kellan Lain in Griffins zone.
2:11 of 1st period - Kellan Lain beats up Cal O'Reilly.
2:11 of 1st period - Penalty to Kellan Lain for Fighting.
2:11 of 1st period - Penalty to Cal O'Reilly for Fighting.
2:11 of 1st period - Penalty to Kellan Lain for instigated a fight.
2:11 of 1st period - Penalty to Kellan Lain for instigated a fight.
2:12 of 1st period - Ben Eager wins face-off versus Drew Shore in neutral zone.
2:15 of 1st period - Slapshot by Alexander Sulzer.
2:15 of 1st period - Shot Blocked by Tyson Strachan.
2:33 of 1st period - Slapshot by Tyson Strachan.
2:33 of 1st period - Shot Blocked by Alexander Sulzer.
2:35 of 1st period - Slapshot by Tyson Strachan.
2:35 of 1st period - Stopped by Jeff Deslauriers without a rebound.
2:36 of 1st period - John Albert wins face-off versus Mitch Callahan in Griffins zone.
2:49 of 1st period - Backhand shot by Quinton Howden.
2:49 of 1st period - Shot Misses the Net.
2:51 of 1st period - Snap shot by Quinton Howden.
2:51 of 1st period - Shot Blocked by Adam Clendening.
2:53 of 1st period - Snap shot by Quinton Howden.
2:53 of 1st period - Shot Misses the Net.
2:55 of 1st period - Slapshot by Kevin Connauton.
2:55 of 1st period - Deflect By Paul Postma.
2:55 of 1st period - Stopped by Jeff Deslauriers without a rebound.
2:56 of 1st period - Austin Watson wins face-off versus John Albert in Griffins zone.
3:49 of 1st period - Adam Pardy is hit by Mark Mancari and loses puck.
4:11 of 1st period - Penalty to Kellan Lain is over, Mitchell Heard is send on ice.
4:38 of 1st period - Paul Thompson is hit by Jeff Hoggan and loses puck.
4:51 of 1st period - Wrist shot by Jeff Hoggan.
4:51 of 1st period - Stopped by Jeff Deslauriers without a rebound.
4:52 of 1st period - Jordan Weal wins face-off versus Matt Marquardt in Griffins zone.
4:57 of 1st period - Slapshot by Jordan Weal.
4:57 of 1st period - Deflect By Philip Varone.
4:57 of 1st period - Shot Misses the Net.
4:57 of 1st period - Puck is out of play.
4:58 of 1st period - Matt Marquardt wins face-off versus Jordan Weal in Griffins zone.
5:08 of 1st period - Wrist shot by Mike Angelidis.
5:08 of 1st period - Shot Misses the Net.
5:10 of 1st period - Snap shot by John McFarland.
5:10 of 1st period - Deflect By Mike Angelidis.
5:10 of 1st period - Stopped by Troy Grosenick with a rebound.
5:14 of 1st period - Snap shot by Mike Angelidis.
5:14 of 1st period - Shot Blocked by Brian Connelly.
5:16 of 1st period - Slapshot by John McFarland.
5:16 of 1st period - Deflect By Mike Angelidis.
5:16 of 1st period - Stopped by Troy Grosenick with a rebound.
5:18 of 1st period - Snap shot by Matt Marquardt.
5:18 of 1st period - Deflect By Mike Angelidis.
5:18 of 1st period - Stopped by Troy Grosenick with a rebound.
6:19 of 1st period - Adam Pardy is hit by John Albert and loses puck.
7:02 of 1st period - Snap shot by Jordan Weal.
7:02 of 1st period - Shot Misses the Net.
7:27 of 1st period - Brad Hunt is hit by Austin Watson and loses puck.
8:40 of 1st period - Off-side.
8:41 of 1st period - Mark Mancari wins face-off versus Jordan Weal in neutral zone.
9:01 of 1st period - Off-side.
9:02 of 1st period - Austin Watson wins face-off versus John Albert in neutral zone.
9:05 of 1st period - Slapshot by Kevin Connauton.
9:05 of 1st period - Goal by Kevin Connauton - Falcons : 1 - Griffins : 0.
9:06 of 1st period - Austin Watson wins face-off versus John Albert in neutral zone.
9:11 of 1st period - Slapshot by Mitch Callahan.
9:11 of 1st period - Deflect By Quinton Howden.
9:11 of 1st period - Shot Blocked by Ben Eager.
9:11 of 1st period - Puck is out of play.
9:12 of 1st period - Austin Watson wins face-off versus John Albert in Griffins zone.
9:19 of 1st period - Wrist shot by Quinton Howden.
9:19 of 1st period - Stopped by Jeff Deslauriers with a rebound.
9:49 of 1st period - Slapshot by Kevin Connauton.
9:49 of 1st period - Deflect By Quinton Howden.
9:49 of 1st period - Shot Misses the Net.
9:49 of 1st period - Puck is out of play.
9:50 of 1st period - Matt Marquardt wins face-off versus Drew Shore in Griffins zone.
10:11 of 1st period - Wrist shot by Jeff Taffe.
10:11 of 1st period - Stopped by Jeff Deslauriers with a rebound.
10:19 of 1st period - Wrist shot by Jeff Taffe.
10:19 of 1st period - Shot Misses the Net.
10:35 of 1st period - Snap shot by Matt Ellis.
10:35 of 1st period - Shot Misses the Net.
10:37 of 1st period - Wrist shot by Jordan Weal.
10:37 of 1st period - Shot Misses the Net.
10:49 of 1st period - Backhand shot by Alexander Sulzer.
10:49 of 1st period - Stopped by Troy Grosenick with a rebound.
10:54 of 1st period - Off-side.
10:55 of 1st period - Austin Watson wins face-off versus John Albert in neutral zone.
11:12 of 1st period - Tyson Strachan is hit by John Albert and loses puck.
12:09 of 1st period - Cal O'Reilly beats up Ben Eager.
12:09 of 1st period - Penalty to Ben Eager for Fighting.
12:09 of 1st period - Penalty to Cal O'Reilly for Fighting.
12:10 of 1st period - Jordan Weal wins face-off versus Mike Angelidis in neutral zone.
12:13 of 1st period - Slapshot by Kevin Connauton.
12:13 of 1st period - Shot Blocked by Paul Postma.
12:25 of 1st period - Slapshot by Alexander Sulzer.
12:25 of 1st period - Stopped by Troy Grosenick with a rebound.
12:27 of 1st period - Slapshot by Alexander Sulzer.
12:27 of 1st period - Shot Blocked by Jordan Weal.
12:29 of 1st period - Slapshot by Paul Postma.
12:29 of 1st period - Shot Blocked by Brian Connelly.
12:31 of 1st period - Snap shot by John McFarland.
12:31 of 1st period - Goal by John McFarland - Falcons : 1 - Griffins : 1.
12:32 of 1st period - Drew Shore wins face-off versus John Albert in neutral zone.
12:34 of 1st period - Off-side.
12:35 of 1st period - Drew Shore wins face-off versus John Albert in neutral zone.
12:43 of 1st period - Off-side.
12:44 of 1st period - John Albert wins face-off versus Drew Shore in neutral zone.
12:47 of 1st period - Slapshot by Alexander Sulzer.
12:47 of 1st period - Stopped by Troy Grosenick with a rebound.
12:49 of 1st period - Slapshot by Alexander Sulzer.
12:49 of 1st period - Stopped by Troy Grosenick without a rebound.
12:50 of 1st period - Drew Shore wins face-off versus John Albert in Falcons zone.
13:05 of 1st period - Slapshot by Mitchell Heard.
13:05 of 1st period - Shot Blocked by Drew Shore.
13:07 of 1st period - Wrist shot by Brad Hunt.
13:07 of 1st period - Stopped by Troy Grosenick with a rebound.
13:13 of 1st period - Snap shot by Mitchell Heard.
13:13 of 1st period - Shot Misses the Net.
13:15 of 1st period - Snap shot by Paul Thompson.
13:15 of 1st period - Shot Misses the Net.
13:17 of 1st period - Snap shot by John Albert.
13:17 of 1st period - Deflect By Jeff Taffe.
13:17 of 1st period - Stopped by Troy Grosenick with a rebound.
13:19 of 1st period - Snap shot by John Albert.
13:19 of 1st period - Shot Misses the Net.
13:20 of 1st period - Chris Thorburn beats up Mitchell Heard.
13:20 of 1st period - Penalty to Mitchell Heard for Fighting.
13:20 of 1st period - Penalty to Chris Thorburn for Fighting.
13:21 of 1st period - Austin Watson wins face-off versus Matt Marquardt in Falcons zone.
13:57 of 1st period - Minor Penalty to Quinton Howden for Charging.
13:58 of 1st period - John Albert wins face-off versus Drew Shore in Falcons zone.
14:12 of 1st period - Slapshot by Adam Pardy.
14:12 of 1st period - Stopped by Jeff Deslauriers with a rebound.
14:14 of 1st period - Wrist shot by Jeff Taffe.
14:14 of 1st period - Stopped by Jeff Deslauriers with a rebound.
15:08 of 1st period - Slapshot by Paul Postma.
15:08 of 1st period - Shot Misses the Net.
15:10 of 1st period - Wrist shot by Paul Postma.
15:10 of 1st period - Goal by Paul Postma - Falcons : 1 - Griffins : 2.
15:11 of 1st period - Zenon Konopka wins face-off versus Quinton Howden in neutral zone.
16:12 of 1st period - Snap shot by Matt Ellis.
16:12 of 1st period - Shot Blocked by John McFarland.
17:11 of 1st period - 10 Minutes Misconduct Penalty to Kellan Lain is over.
17:16 of 1st period - Off-side.
17:17 of 1st period - Austin Watson wins face-off versus John Albert in neutral zone.
17:43 of 1st period - Philip Varone is hit by Kellan Lain.
17:51 of 1st period - Adam Clendening is hit by Radek Martinek and loses puck.
18:21 of 1st period - Brad Hunt is hit by Matt Ellis and loses puck.
19:56 of 1st period - Slapshot by David Musil.
19:56 of 1st period - Deflect By Jeff Hoggan.
19:56 of 1st period - Stopped by Troy Grosenick with a rebound.
Goals for this period are 1 for Falcons vs 2 for Griffins.
Shots for this period are 10 for Falcons vs 12 for Griffins.

2nd period


0:01 of 2nd period - John Albert wins face-off versus Drew Shore in neutral zone.
0:24 of 2nd period - Snap shot by Chris Thorburn.
0:24 of 2nd period - Shot Misses the Net.
1:32 of 2nd period - Snap shot by Quinton Howden.
1:32 of 2nd period - Shot Hit the Post.
1:50 of 2nd period - Adam Clendening is hit by Jordan Weal and loses puck.
2:11 of 2nd period - Slapshot by Paul Postma.
2:11 of 2nd period - Shot Misses the Net.
2:29 of 2nd period - Wrist shot by Zenon Konopka.
2:29 of 2nd period - Stopped by Troy Grosenick with a rebound.
2:31 of 2nd period - Slapshot by Paul Postma.
2:31 of 2nd period - Goal by Paul Postma - Falcons : 1 - Griffins : 3.
2:32 of 2nd period - Drew Shore wins face-off versus John Albert in neutral zone.
2:52 of 2nd period - Backhand shot by Chris Thorburn.
2:52 of 2nd period - Deflect By Jeff Taffe.
2:52 of 2nd period - Deflect By Ben Eager.
2:52 of 2nd period - Shot Misses the Net.
2:52 of 2nd period - Puck is out of play.
2:53 of 2nd period - Austin Watson wins face-off versus Zenon Konopka in Griffins zone.
3:11 of 2nd period - Wrist shot by Jordan Owens.
3:11 of 2nd period - Shot Misses the Net.
3:13 of 2nd period - Slapshot by Zenon Konopka.
3:13 of 2nd period - Shot Blocked by Radek Martinek.
3:15 of 2nd period - Slapshot by David Musil.
3:15 of 2nd period - Stopped by Troy Grosenick with a rebound.
3:17 of 2nd period - Slapshot by John Albert.
3:17 of 2nd period - Stopped by Troy Grosenick without a rebound.
3:18 of 2nd period - Matt Marquardt wins face-off versus Drew Shore in Falcons zone.
3:19 of 2nd period - Snap shot by Adam Clendening.
3:19 of 2nd period - Shot Misses the Net.
3:21 of 2nd period - Slapshot by Paul Postma.
3:21 of 2nd period - Stopped by Troy Grosenick without a rebound.
3:22 of 2nd period - Matt Marquardt wins face-off versus Drew Shore in Falcons zone.
3:32 of 2nd period - Slapshot by Tyson Strachan.
3:32 of 2nd period - Stopped by Jeff Deslauriers with a rebound.
3:42 of 2nd period - Slapshot by Adam Clendening.
3:42 of 2nd period - Deflect By Matt Marquardt.
3:42 of 2nd period - Stopped by Troy Grosenick without a rebound.
3:43 of 2nd period - Austin Watson wins face-off versus John Albert in Falcons zone.
4:14 of 2nd period - Slapshot by Alexander Sulzer.
4:14 of 2nd period - Stopped by Troy Grosenick with a rebound.
5:29 of 2nd period - Icing by Adam Clendening.
5:30 of 2nd period - Kellan Lain wins face-off versus Jordan Weal in Griffins zone.
5:52 of 2nd period - Snap shot by Jordan Weal.
5:52 of 2nd period - Deflect By Jeff Hoggan.
5:52 of 2nd period - Stopped by Jeff Deslauriers with a rebound.
6:18 of 2nd period - Off-side.
6:19 of 2nd period - Zenon Konopka wins face-off versus Cal O'Reilly in neutral zone.
6:22 of 2nd period - Slapshot by Alexander Sulzer.
6:22 of 2nd period - Shot Misses the Net.
6:32 of 2nd period - Snap shot by John Albert.
6:32 of 2nd period - Shot Blocked by Adam Pardy.
7:14 of 2nd period - Quinton Howden is hit by John McFarland and loses puck.
7:19 of 2nd period - Wrist shot by Mike Angelidis.
7:19 of 2nd period - Shot Misses the Net.
7:21 of 2nd period - Slapshot by Adam Clendening.
7:21 of 2nd period - Shot Blocked by Radek Martinek.
7:23 of 2nd period - Wrist shot by John McFarland.
7:23 of 2nd period - Shot Misses the Net.
7:25 of 2nd period - Snap shot by Adam Clendening.
7:25 of 2nd period - Stopped by Troy Grosenick without a rebound.
7:26 of 2nd period - Jordan Weal wins face-off versus John Albert in Falcons zone.
7:42 of 2nd period - Wrist shot by John Albert.
7:42 of 2nd period - Stopped by Troy Grosenick with a rebound.
7:44 of 2nd period - Snap shot by Adam Clendening.
7:44 of 2nd period - Shot Blocked by Tyson Strachan.
8:00 of 2nd period - Minor Penalty to Adam Pardy for Tripping.
8:01 of 2nd period - Matt Marquardt wins face-off versus Drew Shore in Falcons zone.
8:56 of 2nd period - Paul Postma is hit by Drew Shore and loses puck.
9:12 of 2nd period - Slapshot by Paul Postma.
9:12 of 2nd period - Stopped by Troy Grosenick with a rebound.
10:00 of 2nd period - Penalty to Adam Pardy is over, Adam Pardy is back on ice.
10:12 of 2nd period - Wrist shot by Ben Eager.
10:12 of 2nd period - Shot Blocked by Brian Dumoulin.
10:42 of 2nd period - Tyson Strachan is hit by Mitchell Heard and loses puck.
13:02 of 2nd period - Matt Ellis is hit by David Musil and loses puck.
13:21 of 2nd period - Snap shot by Adam Clendening.
13:21 of 2nd period - Stopped by Troy Grosenick with a rebound.
13:23 of 2nd period - Slapshot by Paul Postma.
13:23 of 2nd period - Stopped by Troy Grosenick without a rebound.
13:24 of 2nd period - Kellan Lain wins face-off versus Austin Watson in Falcons zone.
13:47 of 2nd period - Wrist shot by John McFarland.
13:47 of 2nd period - Stopped by Troy Grosenick without a rebound.
13:48 of 2nd period - Cal O'Reilly wins face-off versus Matt Marquardt in Falcons zone.
15:42 of 2nd period - Off-side.
15:43 of 2nd period - Zenon Konopka wins face-off versus Austin Watson in neutral zone.
16:02 of 2nd period - Mitch Callahan is hit by Zenon Konopka and loses puck.
16:19 of 2nd period - Radek Martinek is hit by Ben Eager.
17:18 of 2nd period - Adam Clendening is hit by Tyson Strachan and loses puck.
18:01 of 2nd period - Brian Connelly is hit by David Musil and loses puck.
19:28 of 2nd period - Brad Hunt is hit by Cal O'Reilly and loses puck.
19:57 of 2nd period - Drew Shore is hit by Paul Thompson.
Goals for this period are 0 for Falcons vs 1 for Griffins.
Shots for this period are 2 for Falcons vs 13 for Griffins.

3rd period


0:01 of 3rd period - Drew Shore wins face-off versus John Albert in neutral zone.
1:02 of 3rd period - Tyson Strachan is hit by Mike Angelidis and loses puck.
1:11 of 3rd period - Paul Postma is hit by Quinton Howden.
1:55 of 3rd period - Jordan Weal is hit by Paul Postma and loses puck.
2:28 of 3rd period - Snap shot by John Albert.
2:28 of 3rd period - Shot Misses the Net.
2:30 of 3rd period - Slapshot by Brad Hunt.
2:30 of 3rd period - Stopped by Troy Grosenick with a rebound.
2:59 of 3rd period - Minor Penalty to Chris Thorburn for Slashing.
3:00 of 3rd period - Drew Shore wins face-off versus John Albert in Falcons zone.
3:21 of 3rd period - Slapshot by Adam Pardy.
3:21 of 3rd period - Shot Misses the Net.
3:43 of 3rd period - Jeff Taffe is hit by John McFarland and loses puck.
4:28 of 3rd period - John Albert is hit by Jeff Taffe and loses puck.
4:47 of 3rd period - Mark Mancari is hit by Austin Watson and loses puck.
4:59 of 3rd period - Penalty to Chris Thorburn is over, Chris Thorburn is back on ice.
5:00 of 3rd period - Snap shot by Alexander Sulzer.
5:00 of 3rd period - Deflect By Mike Angelidis.
5:00 of 3rd period - Stopped by Troy Grosenick with a rebound.
5:02 of 3rd period - Slapshot by John McFarland.
5:02 of 3rd period - Stopped by Troy Grosenick with a rebound.
5:04 of 3rd period - Wrist shot by Matt Marquardt.
5:04 of 3rd period - Stopped by Troy Grosenick with a rebound.
5:06 of 3rd period - Snap shot by Mike Angelidis.
5:06 of 3rd period - Shot Misses the Net.
5:08 of 3rd period - Backhand shot by Mike Angelidis.
5:08 of 3rd period - Stopped by Troy Grosenick with a rebound.
5:10 of 3rd period - Wrist shot by Alexander Sulzer.
5:10 of 3rd period - Stopped by Troy Grosenick with a rebound.
5:12 of 3rd period - Slapshot by Alexander Sulzer.
5:12 of 3rd period - Stopped by Troy Grosenick with a rebound.
5:38 of 3rd period - Snap shot by Quinton Howden.
5:38 of 3rd period - Shot Blocked by Kellan Lain.
6:07 of 3rd period - Slapshot by Kevin Connauton.
6:07 of 3rd period - Deflect By Brad Hunt.
6:07 of 3rd period - Stopped by Jeff Deslauriers with a rebound.
6:23 of 3rd period - Snap shot by Jordan Weal.
6:23 of 3rd period - Shot Misses the Net.
6:25 of 3rd period - Wrist shot by Jeff Hoggan.
6:25 of 3rd period - Shot Misses the Net.
7:11 of 3rd period - John McFarland is hit by Tyson Strachan and loses puck.
7:52 of 3rd period - Slapshot by Tyson Strachan.
7:52 of 3rd period - Deflect By Jeff Hoggan.
7:52 of 3rd period - Stopped by Jeff Deslauriers with a rebound.
8:06 of 3rd period - Zenon Konopka is hit by Jeff Taffe and loses puck.
8:50 of 3rd period - Derek Meech is hit by Cal O'Reilly and loses puck.
8:57 of 3rd period - Minor Penalty to Kellan Lain for Tripping.
8:58 of 3rd period - Austin Watson wins face-off versus John Albert in Griffins zone.
9:13 of 3rd period - Slapshot by Quinton Howden.
9:13 of 3rd period - Shot Blocked by Ben Eager.
9:15 of 3rd period - Slapshot by Tyson Strachan.
9:15 of 3rd period - Shot Misses the Net.
9:33 of 3rd period - Snap shot by Tyson Strachan.
9:33 of 3rd period - Stopped by Jeff Deslauriers with a rebound.
9:35 of 3rd period - Snap shot by Chris Thorburn.
9:35 of 3rd period - Shot Misses the Net.
9:37 of 3rd period - Slapshot by Tyson Strachan.
9:37 of 3rd period - Stopped by Jeff Deslauriers with a rebound.
9:39 of 3rd period - Snap shot by Jeff Taffe.
9:39 of 3rd period - Stopped by Jeff Deslauriers without a rebound.
9:40 of 3rd period - Jordan Weal wins face-off versus Mitchell Heard in Griffins zone.
9:52 of 3rd period - Minor Penalty to Jordan Owens for High sticking.
9:53 of 3rd period - Austin Watson wins face-off versus John Albert in Griffins zone.
9:57 of 3rd period - Wrist shot by Mitch Callahan.
9:57 of 3rd period - Shot Misses the Net.
10:11 of 3rd period - Slapshot by Mitch Callahan.
10:11 of 3rd period - Shot Blocked by Paul Postma.
10:21 of 3rd period - Adam Clendening is hit by Quinton Howden.
10:28 of 3rd period - Icing by Tyson Strachan.
10:29 of 3rd period - Chris Thorburn wins face-off versus Mitchell Heard in Falcons zone.
10:42 of 3rd period - Brad Hunt is hit by Tyson Strachan and loses puck.
10:57 of 3rd period - Penalty to Kellan Lain is over, Kellan Lain is back on ice.
11:29 of 3rd period - Paul Postma is hit by Kevin Connauton and loses puck.
11:52 of 3rd period - Penalty to Jordan Owens is over, Jordan Owens is back on ice.
12:23 of 3rd period - Snap shot by Jeff Hoggan.
12:23 of 3rd period - Shot Blocked by Mike Angelidis.
12:25 of 3rd period - Snap shot by Radek Martinek.
12:25 of 3rd period - Stopped by Jeff Deslauriers with a rebound.
12:27 of 3rd period - Wrist shot by Matt Ellis.
12:27 of 3rd period - Stopped by Jeff Deslauriers with a rebound.
12:31 of 3rd period - Slapshot by Jeff Hoggan.
12:31 of 3rd period - Stopped by Jeff Deslauriers with a rebound.
12:33 of 3rd period - Snap shot by Jordan Weal.
12:33 of 3rd period - Deflect By Matt Ellis.
12:33 of 3rd period - Shot Misses the Net.
12:33 of 3rd period - Puck is out of play.
12:34 of 3rd period - Kellan Lain wins face-off versus Cal O'Reilly in Griffins zone.
12:34 of 3rd period - Kellan Lain is hit by Cal O'Reilly.
12:49 of 3rd period - Paul Thompson is hit by Brian Connelly and loses puck.
12:58 of 3rd period - Brian Connelly is hit by Paul Postma and loses puck.
13:24 of 3rd period - Slapshot by Jeff Hoggan.
13:24 of 3rd period - Deflect By Paul Postma.
13:24 of 3rd period - Stopped by Jeff Deslauriers with a rebound.
13:26 of 3rd period - Snap shot by Brian Dumoulin.
13:26 of 3rd period - Deflect By Adam Clendening.
13:26 of 3rd period - Stopped by Jeff Deslauriers with a rebound.
13:28 of 3rd period - Snap shot by Matt Ellis.
13:28 of 3rd period - Shot Misses the Net.
13:52 of 3rd period - Off-side.
13:53 of 3rd period - Zenon Konopka wins face-off versus Drew Shore in neutral zone.
15:01 of 3rd period - Snap shot by Tyson Strachan.
15:01 of 3rd period - Shot Blocked by Alexander Sulzer.
15:37 of 3rd period - Slapshot by Radek Martinek.
15:37 of 3rd period - Stopped by Jeff Deslauriers with a rebound.
15:51 of 3rd period - Slapshot by Radek Martinek.
15:51 of 3rd period - Stopped by Jeff Deslauriers with a rebound.
17:40 of 3rd period - Mitch Callahan is hit by Mark Mancari and loses puck.
19:06 of 3rd period - Off-side.
19:07 of 3rd period - Drew Shore wins face-off versus John Albert in neutral zone.
19:18 of 3rd period - Tyson Strachan is hit by Ben Eager and loses puck.
19:29 of 3rd period - Paul Postma is hit by Chris Thorburn.
19:53 of 3rd period - John McFarland is hit by Chris Thorburn and loses puck.
Goals for this period are 0 for Falcons vs 0 for Griffins.
Shots for this period are 12 for Falcons vs 7 for Griffins.


Output by the SimonT Hockey Simulator (STHS) for Eric Dolegowski -- Original Page W3C XHTML 1.0 Valid
Hockey Simulator - Hockey Simulation - Hockey Manager